 Dungeon Crawl Stone Soup version 0.17.0-57-g0e89251 (webtiles) character file.

197 PossumBlood the Magician (level 5, -8/31 HPs)
             Began as an Octopode Wizard on Dec 6, 2015.
             Was an Initiate of Sif Muna.
             Killed by nerve-wracking pain
             ... invoked by an orc priest
              (12 damage)
             ... on level 4 of the Dungeon.
             The game lasted 00:15:58 (4277 turns).

PossumBlood the Magician (Octopode Wizard)          Turns: 4277, Time: 00:15:58

Health: -8/31      AC:  1    Str:  7      XL:     5   Next: 75%
Magic:  1/11       EV: 12    Int: 26      God:    Sif Muna [......]
Gold:   235        SH:  0    Dex:  7 (10) Spells: 5 memorised, 3 levels left

rFire  . . .     SeeInvis .     (no weapon)
rCold  + . .     Clarity  .     (no shield)
rNeg   . . .     SustAt   .     a - +0 hat
rPois  .         Gourm    +     w - amulet of the gourmand
rElec  .         Spirit   .     o - ring of protection from cold
rCorr  .         Warding  .     (no ring)
rMut   .         Stasis   .     (no ring)
MR     .....                    (no ring)
Stlth  +++.......               (no ring)
                                (no ring)
                                (no ring)
                                (no ring)

@: brilliant, very slightly contaminated, hasted, repel missiles, very quick,
not resistant to hostile enchantments, fairly stealthy
A: almost no armour, amphibious, 8 rings, constrict 8, camouflage 1, gelatinous
body 1
a: Renounce Religion


You were on level 4 of the Dungeon.
You worshipped Sif Muna.
Sif Muna was noncommittal.
You were not hungry.

You visited 1 branch of the dungeon, and saw 4 of its levels.

You collected 235 gold pieces.

Inventory:

Hand Weapons
 d - a +0 dagger of venom
 g - a +5 dagger
Armour
 a - a +0 hat (worn)
Jewellery
 k - an uncursed amulet of faith
 l - an uncursed amulet of warding
 o - a ring of protection from cold (left tentacle)
 w - an amulet of the gourmand (around mantle)
Scrolls
 c - a scroll of immolation {unknown}
 h - 3 scrolls of blinking {unknown}
 i - 2 scrolls of remove curse {unknown}
 j - 2 scrolls of recharging {unknown}
 m - a scroll of magic mapping {unknown}
 p - 4 scrolls of identify
 t - a scroll of enchant weapon {unknown}
 v - a scroll of fog {unknown}
Potions
 f - a potion of resistance
 n - a potion of heal wounds {unknown}
 q - a potion of agility {unknown}
 r - 2 potions of haste
 s - a potion of flight {unknown}
 u - a potion of degeneration
Books
 b - a book of Minor Magic

   Spells                             Type                      Level
   a - Magic Dart                     Conjuration                  1
   b - Blink                          Translocation                2
   c - Call Imp                       Summoning                    2
   d - Repel Missiles                 Charms/Air                   2
   e - Slow                           Hexes                        2
   f - Conjure Flame                  Conjuration/Fire             3
   g - Mephitic Cloud                 Conjuration/Poison/Air       3


   Skills:
 - Level 2.0 Dodging
 - Level 2.9 Stealth
 + Level 4.5 Spellcasting
 + Level 3.9 Conjurations
   Level 1.0 Summonings
 - Level 1.0 Translocations


You had 3 spell levels left.
You knew the following spells:

 Your Spells              Type           Power        Failure   Level  Hunger
a - Magic Dart            Conj           ####         1%          1    None
b - Blink                 Tloc           N/A          1%          2    None
c - Slow                  Hex            ###.....     1%          2    None
d - Mephitic Cloud        Conj/Pois/Air  ####....     2%          3    ##.....
e - Repel Missiles        Chrm/Air       ###...       1%          2    None


Dungeon Overview and Level Annotations

Branches:
Dungeon (4/15)
 Temple: D:4-7

Altars:
Cheibriados
Dithmenos
Elyvilon
Sif Muna


Innate Abilities, Weirdness & Mutations

You cannot wear most types of armour.
You are amphibious.
You can wear up to eight rings at the same time.
You can use your tentacles to constrict eight enemies at once.
Your skin changes colour to match your surroundings (Stealth).
Your rubbery body absorbs attacks (AC +1).


Message History

You constrict the orc priest, but do no damage.
The orc priest hits you with a club.
The orc priest invokes the aid of Beogh against you.
Something smites you!
* * * LOW HITPOINT WARNING * * *
Drink which item? (? for menu, Esc to quit)
It was a potion of brilliance.
You feel clever all of a sudden.
You constrict the orc priest.
Drink which item? (? for menu, Esc to quit)
It was a potion of degeneration.
There was something very wrong with that liquid.
You feel clumsy.
You constrict the orc priest. The orc priest misses you.
Drink which item? (? for menu, Esc to quit)
It was a potion of haste.
You feel yourself speed up.
You constrict the orc priest.
The orc priest mumbles some strange prayers to Beogh against you.
Pain shoots through your body!
You die...

###########
#.).ooo@..#
#.#######.#
#.# ##.##
##<..##
#..#..########
#.###.........
#..#..########
##...##


You could see 2 orc priests and an orc.

Vanquished Creatures
  The ghost of PossumBlood the Magician, an amateur DEWz (D:3)
  An orc wizard (D:4)
  4 adders
  A worm (D:2)
  An orc (D:4)
  7 bats
  3 giant cockroaches (D:2)
  13 goblins
  6 hobgoblins
  5 jackals
  4 kobolds
  A ball python (D:2)
  2 giant geckos (D:2)
  4 giant newts
  11 rats
  A plant (D:2)
65 creatures vanquished.

Vanquished Creatures (others)
  3 jackals (D:1)
  A bat (D:1)
4 creatures vanquished.

Grand Total: 69 creatures vanquished

Notes
Turn   | Place    | Note
--------------------------------------------------------------
     0 | D:1      | PossumBlood the Octopode Wizard began the quest for the Orb.
     0 | D:1      | Reached XP level 1. HP: 11/11 MP: 4/4
   309 | D:1      | Reached XP level 2. HP: 6/17 MP: 0/6
  1417 | D:2      | Reached XP level 3. HP: 21/21 MP: 1/8
  1483 | D:2      | Found a shadowy altar of Dithmenos.
  1623 | D:2      | Learned a level 2 spell: Blink
  1626 | D:2      | Learned a level 2 spell: Slow
  1630 | D:2      | Learned a level 3 spell: Mephitic Cloud
  1749 | D:2      | Found a deep blue altar of Sif Muna.
  1749 | D:2      | Found a snail-covered altar of Cheibriados.
  1752 | D:2      | Found a white marble altar of Elyvilon.
  1797 | D:2      | Became a worshipper of Sif Muna the Loreminder
  1921 | D:2      | HP: 1/21 [jackal (1)]
  2292 | D:2      | Reached XP level 4. HP: 27/27 MP: 6/9
  2296 | D:2      | Learned a level 2 spell: Repel Missiles
  3184 | D:3      | Noticed PossumBlood's ghost (amateur DEWz)
  3200 | D:3      | Killed PossumBlood's ghost
  3200 | D:3      | Reached skill level 4 in Spellcasting
  3200 | D:3      | Reached XP level 5. HP: 5/31 MP: 0/11
  4277 | D:4      | Killed from afar by an orc priest

Action                   |  1- 3 |  4- 6 || total
-------------------------+-------+-------++-------
Melee: Unarmed           |    77 |    10 ||    87
 Cast: Magic Dart        |    89 |    75 ||   164
       Repel Missiles    |       |     1 ||     1
  Use: Potion            |     2 |     3 ||     5
       Scroll            |       |     1 ||     1
  Eat: Bread ration      |     1 |       ||     1
       Chunk             |       |     9 ||     9
